 Dungeon Crawl Stone Soup version 0.32-a0-433-g08bcfe7efd (console) character file.

Game seed: 7740135580121390335

11 zenocrate the Sneak (level 2, 0/24 HPs)
             Began as a Demonspawn Delver on Feb 22, 2024.
             Slain by an adder (2 damage)
             ... on level 5 of the Dungeon.
             The game lasted 00:01:17 (232 turns).

zenocrate the Sneak (Demonspawn Delver)              Turns: 232, Time: 00:01:17

Health: 0/24       AC:  3    Str: 12    XL:     2   Next: 17%
Magic:  2/2        EV: 11    Int: 10    God:
Gold:   15         SH:  0    Dex: 14    Spells: 1/1 levels left

rFire   . .          .
                       - Unarmed
rCold   . . .        (no shield)
rNeg    . . .        a - +0 leather armour
rPois   .            (no helmet)
rElec   .            (no cloak)
rCorr   .            (no gloves)
SInv    .            (no boots)
Will    .....        (no amulet)
Stlth   ++           (no ring)
HPRegen 0.24/turn    (no ring)
MPRegen 0.08/turn

%: no passive effects
@: lethally poisoned (0 -> -11)
A: demonic guardian 1
a: no special abilities


You were on level 5 of the Dungeon.
You visited 1 branch of the dungeon, and saw 1 of its levels.

You collected 15 gold pieces.

Inventory:

Armour
 a - a +0 leather armour (worn)
Wands
 f - a wand of digging (3)
Scrolls
 b - a scroll of fog
 c - a scroll of revelation
Potions
 e - a potion of haste


   Skills:
 - Level 3.0 Fighting
 - Level 1.7 Dodging
 - Level 4.5 Stealth
 + Level 2.6 Unarmed Combat


You had one spell level left.
You didn't know any spells.
Your spell library was empty.

Dungeon Overview and Level Annotations

Branches:
Dungeon (5/15)
 Temple: D:4-7

Altars:
Wu Jian


Innate Abilities, Weirdness & Mutations

A weak demonic guardian rushes to your aid.


Message History

The jackal is heavily wounded.
The jackal bites you.
Your iron imp barely misses the jackal.
You hit the jackal.
The jackal is almost dead.
The jackal bites you.
You hit the jackal.
You kill the jackal!
Your iron imp disappears in a puff of smoke!
An adder is nearby!
You see here a jackal corpse.
An adder is nearby!
An adder is nearby!
The adder hisses angrily.
You hit the adder.
The adder is heavily wounded.
The adder barely misses you. The adder bites you.
You are poisoned.
The adder poisons you!
You hit the adder but do no damage.
The adder is heavily wounded.
You feel sick. The adder closely misses you.
You hit the adder.
The adder is severely wounded.
You feel sick. The adder bites you.
You barely miss the adder.
The adder is severely wounded.
The adder bites you.
* * * LOW HITPOINT WARNING * * *
You are more poisoned.
The adder poisons you!
Unknown command.
You miss the adder.
The adder is severely wounded.
* * * LOW HITPOINT WARNING * * *
You feel sick. The adder bites you.
* * * LOW HITPOINT WARNING * * *
A demonic guardian appears!
You are more poisoned.
The adder poisons you! The adder bites you.
You die...

.....# #..##...#
....⌠ #_..#⌠..# .h..
######..# ....⌠ #⌠..#
.....## ##...# .<.
#....+# #+....#
...##.....#####.....#
...........⌠#⌠......#
...........#...##...#
.........S.#...##...#
.........@.#........#
......†5†.#######...#
..........#.....#...#
...##.....'.†...#...#
#.....#.....#...#
#.....#.....#...#
......^#.....'...#
........#.....#...#
.........#.....#...#
.........+.....#...#
.......#.....#...#


You could see an adder (ally target) and a friendly ufetubus (summoned).

Vanquished Creatures
  A ribbon worm (D:5)
  A dart slug (D:5)
  3 jackals (D:5)
5 creatures vanquished.

Vanquished Creatures (collateral kills)
  A jackal (D:5)
1 creature vanquished.

Grand Total: 6 creatures vanquished

Notes
Turn   | Place    | Note
-------+----------+-------------------------------------------
     0 | D:5      | zenocrate the Demonspawn Delver began the quest for the
                  | Orb.
     0 | D:5      | Reached XP level 1. HP: 18/18 MP: 1/1
    29 | D:5      | Noticed a bombardier beetle
    29 | D:5      | Noticed an iguana
    56 | D:5      | Noticed a howler monkey
   106 | D:5      | Found an ornate altar of the Wu Jian Council.
   203 | D:5      | Gained mutation: A weak demonic guardian rushes to your
                  | aid. [demonic ancestry]
   203 | D:5      | Reached XP level 2. HP: 24/24 MP: 2/2
   232 | D:5      | Slain by an adder

Illustrated notes

Levels and vault maps discovered:
D:5:      layout_gridville, nicolae_overflow_quartered_altars,
          gammafunk_ghost_stat_death, uniq_eustachio

Skill      XL: |  1 |
---------------+----+-----
Unarmed Combat | 2 |  2.6
Fighting       | |  3.0
Dodging        | |  1.7
Stealth        | |  4.5

Action                     || total
---------------------------++-------
  Melee: Unarmed           ||    40
         Punch             ||     1
    Use: Scroll            ||     1
   Stab: Sleeping          ||     1
 Armour: Leather armour    ||    22
  Dodge: Dodged            ||    20

Table legend: (Time is in decaauts)
 A = Elapsed time spent in this place.
 B = Non-inter-level travel time spent in this place.
 C = Inter-level travel time spent in this place.
 D = Time resting spent in this place.
 E = Time spent auto-exploring this place.
 F = Levels seen in this place.
 G = Mean time per level.
                   A        B        C        D        E       F      G
               +--------+--------+--------+--------+--------+-----+--------+
         Total |    230 |    230 |      0 |      0 |    120 |   1 |  230.0 |
       Dungeon |    230 |    230 |      0 |      0 |    120 |   1 |  230.0 |
               +--------+--------+--------+--------+--------+-----+--------+

Top non-repeatable levels by time:
     D:5: 230 daAuts
